 Dungeon Crawl Stone Soup version 0.29.1-2-gbd0b4ee654 (webtiles) character file.

Game seed: 12333905618578023878

44 VictoriousLee the Shooter (level 3, 0/20 HPs)
             Began as a Kobold Arcane Marksman on Nov 27, 2022.
             Slain by a gnoll
             ... wielding a +0 flail
              (6 damage)
             ... on level 2 of the Dungeon.
             The game lasted 00:04:12 (2067 turns).

VictoriousLee the Shooter (Kobold Arcane Marksman)  Turns: 2067, Time: 00:04:13

Health: 0/20       AC:  2    Str:  7    XL:     3   Next: 87%
Magic:  4/4        EV: 15    Int: 14    God:
Gold:   165        SH:  0    Dex: 17    Spells: 3/4 levels left

rFire   . . .      SeeInvis .   a - +1 sling
rCold   . . .      Faith    .   (no shield)
rNeg    . . .      Spirit   .   c - +0 robe
rPois   .          Reflect  .   (no helmet)
rElec   .          Harm     .   (no cloak)
rCorr   .          Rampage  .   (no gloves)
Will    .....                   (no boots)
Stlth   +++.......              (no amulet)
HPRegen 0.06/turn               (no ring)
MPRegen 0.09/turn               (no ring)

@: no status effects
A: small, no large weapons, nightstalker 3
a: no special abilities


You were on level 2 of the Dungeon.
You visited 1 branch of the dungeon, and saw 2 of its levels.

You collected 165 gold pieces.

Inventory:

Hand Weapons
 a - a +1 sling (weapon)
 i - a +0 spectral quarterstaff
 j - a +0 dagger
Missiles
 m - 2 throwing nets
Armour
 c - a +0 robe (worn)
 d - a +0 chain mail
 k - a +0 ring mail
Jewellery
 e - an amulet of faith
 g - a +6 ring of dexterity
Scrolls
 b - 2 scrolls of poison
 f - 5 scrolls of identify {unknown}
 n - a scroll of amnesia {unknown}
 q - a scroll of vulnerability {unknown}
Potions
 h - a potion of magic {unknown}
 l - a potion of invisibility {unknown}
 o - a potion of haste {unknown}
 p - a potion of lignification {unknown}


   Skills:
 - Level 1.1 Fighting
 + Level 5.2 Ranged Weapons
 - Level 2.4 Dodging
 - Level 1.1 Spellcasting
 - Level 3.0 Hexes


You had 3 spell levels left.
You knew the following spells:

 Your Spells              Type           Power      Damage    Failure   Level
a - Slow                  Hex            36%        N/A       8%          1

Your spell library contained the following spells:

 Spells                   Type           Power      Damage    Failure   Level
 Necrotise                Necr           0%         1d4       26%         1
 Blink                    Tloc           0%         N/A       36%         2
 Inner Flame              Hex/Fire       4%         N/A       38%         3
 Portal Projectile        Hex/Tloc       8%         N/A       38%         3
 Lesser Beckoning         Tloc           0%         N/A       61%         3
 Vampiric Draining        Necr           0%         2d6       61%         3
 Cause Fear               Hex            4%         N/A       58%         4
 Agony                    Necr           0%         N/A       100%        5
 Manifold Assault         Tloc           0%         N/A       100%        5


Dungeon Overview and Level Annotations

Branches:
Dungeon (2/15)

Altars:


Innate Abilities, Weirdness & Mutations

You are small and have problems with some larger weapons.
You are completely attuned to the shadows.


Message History

You shoot a sling bullet.
The sling bullet completely misses the gnoll.
The sling bullet hits the gnoll.
The gnoll is moderately wounded.
The gnoll barely misses you.
You shoot a sling bullet. The sling bullet hits the gnoll.
The gnoll is heavily wounded.
The gnoll misses you.
A gnoll comes into view. It is wielding a +0 flail.
The gnoll barely misses you.
Casting: Slow (safe; 8% risk of failure)
Confirm with . or Enter, or press ? or * to list all spells.
Aiming: Slow (safe; 8% risk of failure)
Press: ? - help, Shift-Dir - straight line, f/p - gnoll
Aim: a gnoll, wielding a +2 halberd of venom (heavily wounded, chance to affect: 55%)
The gnoll seems to slow down.
You shoot a sling bullet. The sling bullet hits the gnoll!
The gnoll is almost dead.
You shoot a sling bullet.
The sling bullet closely misses the gnoll.
The sling bullet hits the gnoll but does no damage.
The gnoll hits you from afar with a +2 halberd of venom.
You shoot a sling bullet.
The sling bullet completely misses the gnoll.
The sling bullet barely misses the gnoll.
You hear a shout!
You shoot a sling bullet. The sling bullet hits the gnoll.
The gnoll is moderately wounded.
The gnoll is no longer moving slowly.
You shoot a sling bullet. The sling bullet hits the gnoll.
The gnoll is severely wounded.
You shoot a sling bullet.
The sling bullet closely misses the gnoll. x2
The sling bullet hits the gnoll!
The gnoll is severely wounded.
The gnoll hits you with a +0 flail!
Ouch! That really hurt!
* * * LOW HITPOINT WARNING * * *
The gnoll completely misses you. The gnoll hits you with a +0 flail.
You die...

# #.# #.#.#.# ##.## #
#.#####.#.#.# #(.# ###### #
#.#<....#.#.# ##.###..... #
#.#######.#.# #..##..... #
#.........#.# ##.##.)...
##############.# #.##.....
...............# #.##.....
#########################.#######
g..gg...g...ggg@......).........
########################...#####
###..# ##.# # #.# # #.# # #.# #
###.#### #...†.##


You could see 3 gnolls.

Vanquished Creatures
  A worm (D:2)
  A dart slug (D:2)
  A bat (D:1)
  5 endoplasms
  A giant cockroach (D:2)
  4 goblins (D:1)
  4 hobgoblins
  5 jackals
  4 quokkas
  3 ball pythons
  A frilled lizard (D:2)
  A kobold (D:2)
31 creatures vanquished.

Notes
Turn   | Place    | Note
-------+----------+-------------------------------------------
     0 | D:1      | VictoriousLee the Kobold Arcane Marksman began the quest
                  | for the Orb.
     0 | D:1      | Reached XP level 1. HP: 12/12 MP: 2/2
   200 | D:1      | Reached skill level 3 in Ranged Weapons
   550 | D:1      | Reached XP level 2. HP: 16/16 MP: 3/3
   610 | D:1      | Reached skill level 4 in Ranged Weapons
   818 | D:1      | Found a faded altar of an unknown god.
  1052 | D:1      | Reached XP level 3. HP: 20/20 MP: 4/4
  1492 | D:2      | Reached skill level 5 in Ranged Weapons
  2067 | D:2      | Slain by a gnoll

Illustrated notes

Levels and vault maps discovered:
D:1:      dpeg_arrival_chambers_temple_mockup, layout_loops_ring,
          ebering_ecumenical_altar_webs
D:2:      layout_basic, kennysheep_nub

Skill      XL: |  1  2  3 |
---------------+----------+-----
Ranged Weapons | 3 4 5 |  5.2
Fighting       | |  1.1
Dodging        | |  2.4
Spellcasting   | |  1.1
Hexes          | |  3.0

Action                   || total
-------------------------++-------
 Fire: Sling             ||   105
 Cast: Slow              ||     3
Armor: Robe              ||     9
Dodge: Dodged            ||    45
